 Dungeon Crawl Stone Soup version 0.20-a0-550-gf70bbbc (webtiles) character file.

213 Firecrotchwizard the Conjurer (level 5, -1/28 HPs)
             Began as a Deep Elf Conjurer on Feb 2, 2017.
             Slain by Natasha (4 damage)
             ... on level 3 of the Dungeon.
             The game lasted 00:08:45 (2741 turns).

Firecrotchwizard the Conjurer (Deep Elf Conjurer)   Turns: 2741, Time: 00:08:45

Health: -1/28      AC:  2    Str:  5    XL:     5   Next: 59%
Magic:  1/13       EV: 13    Int: 21    God:
Gold:   173        SH:  0    Dex: 15    Spells: 5/12 levels left

rFire    . . .     SeeInvis .   r - +4 short sword (flame)
rCold    . . .     Gourm    .   a - +0 robe
rNeg     . . .     Faith    .   (no shield)
rPois    .         Spirit   .   (no helmet)
rElec    .         Reflect  .   (no cloak)
rCorr    .         Harm     .   (no gloves)
MR       .....                  (no boots)
Stlth    ++........             (no amulet)
Regen    0.1/turn               (no ring)
                                (no ring)

@: no status effects
A: no striking features
a: no special abilities


You were on level 3 of the Dungeon.
You were hungry.

You visited 1 branch of the dungeon, and saw 3 of its levels.

You collected 173 gold pieces.

Inventory:

Hand Weapons
 e - a +0 dagger
 r - a +4 short sword of flaming (weapon)
Armour
 a - a +0 robe (worn)
Scrolls
 h - a scroll of amnesia {unknown}
 k - a scroll of teleportation {unknown}
 p - a scroll of identify {unknown}
 q - a scroll of immolation {unknown}
 s - a scroll of remove curse
Potions
 d - 5 potions of curing {unknown}
 i - 2 potions of agility {unknown}
 j - a potion of degeneration {unknown}
 l - a potion of invisibility {unknown}
 m - a potion of lignification {unknown}
 n - a potion of haste {unknown}
 o - a potion of resistance {unknown}
Books
 b - a book of Conjurations

   Spells                             Type                      Level
   a - Magic Dart                     Conjuration                  1
   b - Searing Ray                    Conjuration                  2
   c - Dazzling Spray                 Conjuration/Hexes            3
   d - Fulminant Prism                Conjuration/Hexes            4
   e - Iskenderun's Mystic Blast      Conjuration                  4
   f - Iskenderun's Battlesphere      Conjuration/Charms           5
Comestibles
 c - 4 bread rations
 f - a fruit
 g - 3 royal jellies


   Skills:
 - Level 2.4 Dodging
 - Level 2.4 Stealth
 + Level 4.0 Spellcasting
 * Level 7.2 Conjurations


You had 5 spell levels left.
You knew the following spells:

 Your Spells              Type           Power        Failure   Level  Hunger
a - Magic Dart            Conj           ####         1%          1    None
b - Searing Ray           Conj           ####..       1%          2    #......
c - Iskenderun's Mystic   Conj           ####....     8%          4    ####...


Dungeon Overview and Level Annotations

Branches:
Dungeon (3/15)

Altars:
Xom

Annotations:
D:3 Natasha


Message History

Natasha is heavily wounded.
Natasha closely misses you.
The shadow imp shouts, "Scamper away, thou dankish sow-suckled tiler!"
Natasha stares at you and mumbles some strange words.
The magic dart hits you!
* * * LOW HITPOINT WARNING * * *
Casting: Searing Ray
Confirm with . or Enter, or press ? or * to list all spells.
Aiming: Searing Ray
Press: ? - help, Shift-Dir - straight line, f - shadow imp, p - Natasha
Aim: a shadow imp (summoned)
The searing ray hits Natasha.
Natasha is severely wounded. (Press . to maintain the ray.) Natasha claws you.
* * * LOW HITPOINT WARNING * * *
The searing ray hits Natasha.
Natasha is almost dead.
Natasha claws you.
You die...

.......# .......# .......#
########## ....... .........#
....##################.######.
.............................>
.†#...........###5####..#####.
#.#(..........###h# ##.##
#.#.........[.).@.# #..#
#†#...............# ##.#
#[#..[.....)......# #.## #.
<)#...............# #..# #..
###..............## ##.# #..
.....[...........# #.###.#
#####.########(..# #..##.#
#....# ##### ##.##.# #....#
#..#.###


You could see Natasha and a shadow imp.

Vanquished Creatures
  An orc priest (D:3)
  An orc wizard (D:3)
  Natasha (D:3)
  4 adders
  3 worms (D:2)
  2 dart slugs
  2 leopard geckos
  5 orcs (D:3)
  9 bats
  5 giant cockroaches
  10 goblins
  7 hobgoblins
  2 jackals (D:1)
  15 kobolds
  A quokka (D:2)
  A ball python (D:2)
  3 frilled lizards
  7 rats
79 creatures vanquished.

Notes
Turn   | Place    | Note
-------+----------+-------------------------------------------
     0 | D:1      | Firecrotchwizard the Deep Elf Conjurer began the quest for the Orb.
     0 | D:1      | Reached XP level 1. HP: 10/10 MP: 6/6
   206 | D:1      | Reached XP level 2. HP: 13/15 MP: 2/8
   211 | D:1      | Reached skill level 5 in Conjurations
   368 | D:1      | Learned a level 2 spell: Searing Ray
   530 | D:1      | Found a shimmering altar of Xom.
   583 | D:1      | Reached XP level 3. HP: 19/19 MP: 7/9
  1246 | D:2      | Reached skill level 6 in Conjurations
  1363 | D:2      | Reached XP level 4. HP: 24/24 MP: 8/10
  1369 | D:2      | Learned a level 4 spell: Iskenderun's Mystic Blast
  2143 | D:3      | Reached XP level 5. HP: 16/28 MP: 9/12
  2366 | D:3      | Noticed Natasha
  2369 | D:3      | Killed Natasha
  2369 | D:3      | Reached skill level 7 in Conjurations
  2732 | D:3      | Noticed Natasha
  2741 | D:3      | Slain by Natasha

Vault maps used:
D:1:      dpeg_arrival_chambers_temple_mockup, xom_teletrap_fun
D:2:      minmay_domino_2
D:3:      uniq_natasha

Skill      XL: |  1  2  3  4  5 |
---------------+----------------+-----
Conjurations   | 5 6 7 |  7.2
Spellcasting   | 4 |  4.0
Dodging        | |  2.4
Stealth        | |  2.4

Action                   |  1- 3 |  4- 6 || total
-------------------------+-------+-------++-------
Melee: Short sword       |       |     6 ||     6
 Cast: Magic Dart        |    81 |    57 ||   138
       Searing Ray       |     1 |     4 ||     5
       Iskenderun's Myst |       |     3 ||     3
  Use: Scroll            |     1 |       ||     1
 Stab: Sleeping          |       |     1 ||     1
  Eat: Chunk             |     1 |     2 ||     3
       Fruit             |       |     3 ||     3
Armor: Robe              |       |     1 ||     1
Dodge: Dodged            |     5 |     4 ||     9
